 Dungeon Crawl Stone Soup version 0.17-a0-2007-g96ac4c4 (webtiles) character file.

79 Banto the Charmwright (level 4, -3/29 HPs)
             Began as a High Elf Skald on Oct 9, 2015.
             Killed by divine providence
             ... invoked by an orc priest
              (16 damage)
             ... on level 3 of the Dungeon.
             The game lasted 00:02:27 (2041 turns).

Banto the Charmwright (High Elf Skald)              Turns: 2041, Time: 00:02:28

Health: -3/29      AC:  4    Str: 11    XL:     4   Next: 16%
Magic:  6/9        EV: 11    Int: 15    God:
Gold:   98         SH:  0    Dex: 16    Spells: 3 memorised, 1 level left

rFire  . . .     SeeInvis .     j - +1 dagger (drain)
rCold  . . .     Clarity  .     b - +0 leather armour
rNeg   . . .     SustAt   .     (no shield)
rPois  .         Gourm    .     (no helmet)
rElec  .         Spirit   .     (no cloak)
rCorr  .         Warding  .     f - +0 pair of gloves
rMut   .         Stasis   .     (no boots)
MR     +....                    (no amulet)
Stlth  ++........               o - ring of protection from magic
                                k - ring of stealth

@: somewhat resistant to hostile enchantments, unstealthy
A: no striking features
a: no special abilities


You were on level 3 of the Dungeon.
You were hungry.

You visited 1 branch of the dungeon, and saw 3 of its levels.

You collected 98 gold pieces.

Inventory:

Hand Weapons
 a - a +0 falchion
 j - a +1 dagger of draining (weapon)
 r - a +0 blowgun
Armour
 b - a +0 leather armour (worn)
 f - a +0 pair of gloves (worn)
Jewellery
 k - a ring of stealth (left hand)
 l - an uncursed ring of flight
 o - a ring of protection from magic (right hand)
Scrolls
 g - a scroll of recharging {unknown}
 h - a scroll of identify {unknown}
 i - a scroll of immolation {unknown}
 m - a scroll of magic mapping {unknown}
 u - a scroll of blinking {unknown}
 v - a scroll of teleportation {unknown}
Potions
 e - a potion of mutation {unknown}
 p - a potion of haste {unknown}
 q - a potion of agility {unknown}
 s - a potion of flight {unknown}
 x - a potion of curing {unknown}
Books
 c - a book of Battle

   Spells                             Type                      Level
   a - Infusion                       Charms                       1
   b - Shroud of Golubria             Charms/Translocation         2
   c - Song of Slaying                Charms                       2
   d - Spectral Weapon                Hexes/Charms                 3
   e - Regeneration                   Charms/Necromancy            3
Comestibles
 d - 2 bread rations
 n - a meat ration
 t - a royal jelly
 w - a chunk of flesh


   Skills:
 - Level 2.0 Fighting
 * Level 3.7 Long Blades
 - Level 0.8 Armour
 - Level 1.1 Dodging
 + Level 2.9 Spellcasting
 * Level 5.0 Charms


You had one spell level left.
You knew the following spells:

 Your Spells              Type           Power        Failure   Level  Hunger
a - Infusion              Chrm           ###...       3%          1    #......
b - Regeneration          Chrm/Necr      #.........   30%         3    ###....
c - Spectral Weapon       Hex/Chrm       #.......     30%         3    ###....


Dungeon Overview and Level Annotations

Branches:
Dungeon (3/15)

Altars:


Message History

Your spectral weapon barely misses the orc priest.
You hit the orc priest. You drain the orc priest!
The orc priest is heavily wounded.
Your spectral weapon hits the orc priest but does no damage.
The orc priest closely misses you.
You closely miss the orc priest.
The orc priest is heavily wounded.
Your spectral weapon barely misses the orc priest.
The orc priest completely misses you.
You barely miss the orc priest.
The orc priest is heavily wounded.
Your spectral weapon hits the orc priest.
The orc priest barely misses you.
You barely miss the orc priest.
The orc priest is almost dead.
Your spectral weapon barely misses the orc priest.
The orc priest calls down the wrath of Beogh upon you.
Something smites you!
Ouch! That really hurt!
You die...

# #
#.####.#
#.#....#
#...####
##(@#
##o# #.#
... #..
#...
#..#
...#


You could see an orc priest.

Vanquished Creatures
  An adder (D:2)
  2 oozes
  2 worms (D:2)
  2 giant geckos
  2 orcs (D:3)
  A ball python (D:1)
  A bat (D:1)
  3 giant cockroaches
  4 goblins
  7 hobgoblins
  6 jackals (D:1)
  3 giant newts
  9 kobolds
  7 rats
50 creatures vanquished.

Notes
Turn   | Place    | Note
--------------------------------------------------------------
     0 | D:1      | Banto the High Elf Skald began the quest for the Orb.
     0 | D:1      | Reached XP level 1. HP: 14/14 MP: 4/4
   404 | D:1      | Reached XP level 2. HP: 16/19 MP: 6/6
   436 | D:1      | Reached skill level 4 in Charms
   520 | D:1      | You fall through a shaft!
   585 | D:1      | Reached XP level 3. HP: 21/24 MP: 4/8
  1445 | D:2      | Learned a level 3 spell: Regeneration
  1449 | D:2      | Learned a level 3 spell: Spectral Weapon
  1807 | D:2      | Reached XP level 4. HP: 29/29 MP: 9/9
  1880 | D:3      | Reached skill level 5 in Charms
  2041 | D:3      | Killed from afar by an orc priest

Vault maps used:
D:1:      dpeg_arrival_fog, minmay_misc_feat_ornament
D:2:      grunt_ministairs_9
D:3:      fedhas_altar_fruit_tree

Action                   |  1- 3 |  4- 6 || total
-------------------------+-------+-------++-------
Melee: Falchion          |    57 |       ||    57
       Dagger            |    69 |    20 ||    89
 Cast: Infusion          |     5 |     1 ||     6
       Spectral Weapon   |       |     1 ||     1
 Stab: Sleeping          |     3 |       ||     3
  Eat: Chunk             |     2 |     1 ||     3
